 Dungeon Crawl Stone Soup version 0.20.1-1-g8b1a95d (webtiles) character file.

1812 empire the Carver (level 8, -11/66 HPs)
             Began as a Minotaur Fighter on Aug 10, 2017.
             Was a Follower of Nemelex Xobeh.
             Mangled by a two-headed ogre
             ... wielding a +0 giant club
              (18 damage)
             ... on level 8 of the Dungeon.
             The game lasted 00:11:21 (5894 turns).

empire the Carver (Minotaur Fighter)                Turns: 5894, Time: 00:11:21

Health: -11/66     AC:  9    Str: 21    XL:     8   Next: 84%
Magic:  7/7        EV: 10    Int:  5    God:    Nemelex Xobeh [*.....]
Gold:   339        SH:  9    Dex: 12    Spells: 7/7 levels left

rFire    . . .     SeeInvis +   a - +0 long sword
rCold    . . .     Gourm    .   c - +0 shield
rNeg     . . .     Faith    .   q - +0 scale mail
rPois    .         Spirit   .   k - +1 hat
rElec    .         Reflect  .   (no cloak)
rCorr    .         Harm     .   (no gloves)
MR       .....                  u - +0 pair of boots
Stlth    ..........             (no amulet)
Regen    0.3/turn               H - ring of see invisible
MPRegen  0.1/turn               s - ring of flight

@: very slightly contaminated, invisible
A: retaliatory headbutt, horns 2
a: Renounce Religion, Evoke Flight


You were on level 8 of the Dungeon.
You worshipped Nemelex Xobeh.
Nemelex Xobeh was aware of your devotion.
You were hungry.

You visited 2 branches of the dungeon, and saw 8 of its levels.

You collected 339 gold pieces.

Inventory:

Hand Weapons
 a - a +0 long sword (weapon)
 b - the +8 frozen axe "Frostbite" {freezing cloud, *Noise +Fly rC+}
   (You found it on level 5 of the Dungeon)

   It has been specially enchanted to freeze those struck by it, causing extra
   injury to most foes and up to half again as much damage against particularly
   susceptible opponents.
   It can also slow down cold-blooded creatures.
   It protects you from cold.
   It lets you fly.
   It may make noises in combat.
Missiles
 e - 5 tomahawks of returning (quivered)
Armour
 c - a +0 shield (worn)
 k - a +1 hat (worn)
 q - a +0 scale mail (worn)
 u - a +0 pair of boots (worn)
Jewellery
 g - an uncursed amulet of guardian spirit {unknown}
 s - a ring of flight (right hand)
 F - a +3 ring of protection {unknown}
 H - a ring of see invisible (left hand)
 K - an uncursed ring of protection from fire {unknown}
Wands
 d - a wand of enslavement (9/24)
 G - a wand of acid (0/15)
Scrolls
 j - 2 scrolls of remove curse {unknown}
 p - a scroll of fog {unknown}
 r - 2 scrolls of fear {unknown}
 v - 3 scrolls of recharging {unknown}
 x - 2 scrolls of random uselessness {unknown}
 y - 2 scrolls of teleportation
 z - a scroll of amnesia {unknown}
 E - a scroll of enchant weapon {unknown}
 I - 2 scrolls of blinking {unknown}
 L - a scroll of immolation {unknown}
Potions
 i - a potion of degeneration
 n - 2 potions of lignification
 o - a potion of brilliance
 t - a potion of haste
 A - a potion of curing
 B - a potion of invisibility
 C - a potion of agility {unknown}
Miscellaneous
 w - a plain deck of destruction {drawn: 2}
 J - a plain deck of destruction
Comestibles
 f - 4 bread rations
 l - 6 fruits
 m - 2 royal jellies
 D - a meat ration
 M - 5 chunks of flesh


   Skills:
 - Level 4.3 Fighting
 - Level 8.0 Long Blades
 + Level 7.8 Axes
 - Level 4.0 Throwing
 - Level 4.0 Armour
 - Level 4.4 Dodging
 - Level 4.2 Shields


You had 7 spell levels left.
You didn't know any spells.

Dungeon Overview and Level Annotations

Branches:
Dungeon (6/15)             Temple (1/1) D:4

Altars:
Ashenzari
Cheibriados
Dithmenos
Fedhas
Gozag
Hepliaklqana
Kikubaaqudgha
Makhleb
Nemelex Xobeh
Okawaru
Qazlal
Ru
Sif Muna
Trog
Uskayaw
Vehumet
Xom
Yredelemnul
Zin
The Shining One


Innate Abilities, Weirdness & Mutations

You reflexively headbutt those who attack you in melee.
You have a pair of horns on your head.


Message History

You slash the two-headed ogre!
The two-headed ogre is severely wounded.
The two-headed ogre barely misses you.
You riposte.
You slash the two-headed ogre!
The two-headed ogre is almost dead.
You block the two-headed ogre's attack.
Unknown command.
The two-headed ogre hits you with a giant club!
* * * LOW HITPOINT WARNING * * *
You block the two-headed ogre's attack.
You hit the two-headed ogre but do no damage.
You headbutt the two-headed ogre, but do no damage.
The two-headed ogre is almost dead.
Unknown command.
You hit the two-headed ogre but do no damage.
Your headbutt misses the two-headed ogre.
The two-headed ogre is almost dead.
The two-headed ogre hits you with a giant club!!
You die...
Your body disappears without a glow.

#.##.######.# #.#
.o##o# #.#.# ..##.#
#.#.# ..##.# # #.#.#
.....# #. #.#.# ..####
####.#### #.#.#
...............###.#.#
..#######.#.#..O÷..#.#
### #...@....#
#†######## ........#
........# #.#.#...# #
##..# #..# #..# #..#


You could see a two-headed ogre.

Vanquished Creatures
  Grinder (D:4)
  The ghost of ThereIsNoGod the Ruffian, an amateur TrFi (D:3)
  Eustachio (D:6)
  An orc warrior (D:6)
  A black bear (D:6)
  An ogre (D:4)
  A necrophage (D:3)
  2 centaurs (D:6)
  A bullfrog (D:6)
  A crimson imp (D:5)
  A bullfrog zombie (D:5)
  2 hounds (D:4)
  2 jellies
  An orc wizard (D:4)
  2 bullfrog skeletons
  An orc priest (D:6)
  An iguana (D:5)
  6 worker ants
  A hound zombie (D:6)
  2 hound skeletons (D:4)
  A worker ant zombie (D:3)
  4 gnolls (D:4)
  8 adders
  A shadow imp (D:5)
  2 worms (D:2)
  4 leopard geckos
  10 orcs
  5 giant cockroaches
  8 hobgoblins
  3 quokkas
  A ball python (D:8)
  4 bats
  5 frilled lizards
  6 goblins
  4 kobolds
  10 rats
106 creatures vanquished.

Vanquished Creatures (others)
  An orc priest (D:6)
1 creature vanquished.

Grand Total: 107 creatures vanquished

Notes
Turn   | Place    | Note
-------+----------+-------------------------------------------
     0 | D:1      | empire the Minotaur Fighter began the quest for the Orb.
     0 | D:1      | Reached XP level 1. HP: 19/19 MP: 0/0
   214 | D:1      | Reached XP level 2. HP: 27/27 MP: 1/1
   536 | D:2      | Reached skill level 1 in Throwing
   596 | D:2      | Reached XP level 3. HP: 33/33 MP: 2/2
   634 | D:2      | Found a bloodstained altar of Trog.
   805 | D:2      | Reached skill level 1 in Dodging
  1361 | D:2      | Found a radiant altar of Vehumet.
  1362 | D:2      | Found a basalt altar of Yredelemnul.
  1647 | D:2      | Reached XP level 4. HP: 40/40 MP: 3/3
  1770 | D:3      | Found a hazy altar of Hepliaklqana.
  1795 | D:3      | Noticed ThereIsNoGod's ghost (amateur TrFi)
  1803 | D:3      | Killed ThereIsNoGod's ghost
  1803 | D:3      | Reached skill level 3 in Long Blades
  1803 | D:3      | Reached XP level 5. HP: 23/46 MP: 4/4
  1997 | D:3      | Found a glowing silver altar of Zin.
  2018 | D:3      | Reached skill level 4 in Long Blades
  2562 | D:3      | Noticed a necrophage
  2568 | D:3      | Killed a necrophage
  2568 | D:3      | Reached XP level 6. HP: 51/51 MP: 5/5
  2625 | D:3      | Found a shattered altar of Ashenzari.
  3198 | D:4      | Got an opalescent robe
  3206 | D:4      | Reached XP level 7. HP: 58/58 MP: 6/6
  3389 | D:4      | Reached skill level 5 in Long Blades
  3413 | D:4      | Noticed Grinder
  3466 | D:4      | Killed Grinder
  3466 | D:4      | Reached skill level 7 in Long Blades
  3823 | D:4      | Found a staircase to the Ecumenical Temple.
  3844 | Temple   | Entered the Ecumenical Temple
  3905 | Temple   | Became a worshipper of Nemelex Xobeh the Trickster
  4315 | D:5      | Entered Level 5 of the Dungeon
  4348 | D:5      | Reached XP level 8. HP: 65/65 MP: 7/7
  4378 | D:5      | Received a gift from Nemelex Xobeh
  4411 | D:5      | Reached skill level 8 in Long Blades
  4504 | D:5      | Reached skill level 1 in Axes
  4930 | D:6      | Noticed Eustachio
  4941 | D:6      | Killed Eustachio
  4941 | D:6      | Reached skill level 5 in Axes
  5031 | D:6      | Reached * piety under Nemelex Xobeh
  5343 | D:6      | Found a burning altar of Makhleb.
  5346 | D:6      | Noticed a cacodemon
  5813 | D:6      | You fall through a shaft for 2 floors!
  5813 | D:8      | Received a gift from Nemelex Xobeh
  5832 | D:8      | Noticed a two-headed ogre
  5894 | D:8      | Mangled by a two-headed ogre

Skill      XL: |  1  2  3  4  5  6  7  8 |
---------------+-------------------------+-----
Throwing       | 1 2 3 4 |  4.0
Fighting       | 4 |  4.3
Shields        | 4 |  4.2
Armour         | 4 |  4.0
Dodging        | 1 2 3 4 |  4.4
Long Blades    | 3 4 7 8 |  8.0
Axes           | 7 |  7.8

Action                   |  1- 3 |  4- 6 |  7- 9 || total
-------------------------+-------+-------+-------++-------
Melee: Long sword        |    97 |    75 |   168 ||   340
       Headbutt          |    12 |    11 |    34 ||    57
Throw: Tomahawk          |       |       |    10 ||    10
Evoke: Deck              |       |       |     2 ||     2
       Wand              |       |       |     1 ||     1
  Use: Potion            |       |     3 |     6 ||     9
       Scroll            |       |       |     8 ||     8
 Stab: Invisible         |       |       |     1 ||     1
  Eat: Chunk             |     2 |     5 |     8 ||    15
Armor: Scale mail        |    36 |    28 |    57 ||   121
Dodge: Dodged            |    29 |    24 |    82 ||   135
Block: Shield            |    54 |    25 |    89 ||   168
       Rpst.: Long sword |     5 |     6 |    12 ||    23
